 Dungeon Crawl Stone Soup version 0.28-b1-25-g9875b3fc8c (webtiles) character file.

Game seed: 11110972563450307066

3094 vanderjaght the Cudgeller (level 9, 0/70 (78) HPs)
             Began as a Grey Draconian Berserker on Feb 1, 2022.
             Was a Priest of Trog.
             Slain by an orc knight (13 damage)
             ... in a bailey.
             The game lasted 00:45:30 (7333 turns).

vanderjaght the Cudgeller (DrBe)                    Turns: 7333, Time: 00:45:31

HP:   0/70 (78)     AC: 12    Str: 24    XL:     9   Next: 59%
MP:   9/9           EV: 12    Int:  7    God:    Trog [***...]
Gold: 278           SH:  8    Dex: 11    Spells: 8/8 levels left

rFire   . . .      SeeInvis .   u - +7 mace of Indomitability {vorpal, rElec rPois rC-}
rCold   x . .      Faith    .   o - +0 kite shield
rNeg    . . .      Spirit   .   (armour unavailable)
rPois   +          Reflect  .   (helmet restricted)
rElec   +          Harm     .   (no cloak)
rCorr   .          Rampage  .   (no gloves)
Will    .....                   (no boots)
Stlth   ++........              c - amulet of the acrobat
HPRegen 0.21/turn               k - ring of poison resistance
MPRegen 0.11/turn               g - +4 ring of slaying

@: heavily drained
A: AC +12, amphibious, unfitting armour, cold-blooded
a: Renounce Religion, Berserk, Trog's Hand


You were in a bailey.
You worshipped Trog.
Trog was most pleased with you.
You visited 2 branches of the dungeon, and saw 8 of its levels.
You also visited: Bailey.

You collected 278 gold pieces.

Inventory:

Hand Weapons
 u - the +7 mace of Indomitability (weapon) {vorpal, rElec rPois rC-}
   (You found it on level 3 of the Dungeon)

   It inflicts extra damage upon your enemies.
   rC:        It makes you vulnerable to cold.
   rElec:     It insulates you from electricity.
   rPois:     It protects you from poison.
 y - a +2 hand axe of venom
 z - a +3 hunting sling
 D - a +2 battleaxe of flaming
 J - a +2 halberd of freezing
 L - a +2 halberd of draining
 M - a +2 halberd of electrocution
Missiles
 e - 63 arrows
 n - 135 stones (quivered)
Armour
 o - a +0 kite shield (worn)
 E - a +0 troll leather armour
Jewellery
 c - an amulet of the acrobat (around neck)
 g - a +4 ring of slaying (right hand)
 k - a ring of poison resistance (left hand)
 p - a ring of ice
 s - an amulet of magic regeneration
 t - a ring of wizardry
 A - a ring of see invisible
Wands
 C - a wand of polymorph (3)
 I - a wand of mindburst (6)
Scrolls
 d - 2 scrolls of brand weapon {unknown}
 h - a scroll of immolation {unknown}
 j - 4 scrolls of identify {unknown}
 q - a scroll of teleportation {unknown}
 v - 2 scrolls of amnesia {unknown}
 w - a scroll of magic mapping {unknown}
 B - 5 scrolls of vulnerability {unknown}
 F - a scroll of fear {unknown}
 G - a scroll of enchant armour {unknown}
Potions
 a - a potion of mutation {unknown}
 b - a potion of degeneration {unknown}
 f - a potion of curing
 i - a potion of heal wounds
 l - a potion of flight {unknown}
 m - a potion of lignification {unknown}
 r - a potion of attraction {unknown}
 x - a potion of ambrosia {unknown}
 H - 2 potions of resistance {unknown}
 K - 2 potions of cancellation {unknown}


   Skills:
 + Level 6.6 Fighting
 + Level 4.6(6.9) Axes
 + Level 7.9(8.5) Maces & Flails
 + Level 6.3 Dodging
 + Level 3.5 Stealth
 + Level 4.5 Shields


You had 8 spell levels left.
You didn't know any spells.
Your spell library contained the following spells:

 Spells                   Type           Power      Damage    Failure   Level
 Ensorcelled Hibernation  Hex/Ice        0%         N/A       90%         2
 Passwall                 Tmut/Erth      0%         N/A       90%         2
 Call Canine Familiar     Summ           0%         N/A       99%         3
 Portal Projectile        Hex/Tloc       0%         N/A       99%         3
 Swiftness                Air            0%         N/A       99%         3
 Leda's Liquefaction      Hex/Erth       0%         N/A       100%        4


Dungeon Overview and Level Annotations

Branches:
Dungeon (7/15)             Temple (1/1) D:7          Bailey (1/1)

Altars:
Cheibriados
Dithmenos
Gozag
Vehumet
Xom


Innate Abilities, Weirdness & Mutations

Your dull iron-grey scales are very hard. (AC +12)
You are amphibious.
You cannot fit into any form of body armour.
You are cold-blooded and may be slowed by cold attacks.


Message History

Unknown command.
M - a +2 halberd of electrocution The orc knight closely misses you.
There are no items here.
You block the gnoll's attack. You block the orc knight's attack.
There is an open door here.
You barely miss the orc knight. The gnoll barely misses you.
The orc knight hits you with a +0 halberd!
You closely miss the orc knight.
The gnoll hits you from afar with a +3 halberd of draining.
* * * LOW HITPOINT WARNING * * *
You feel drained.
* * * LOW HITPOINT WARNING * * *
You block the orc knight's attack.
You hit the orc knight but do no damage.
Your tail-slap misses the orc knight.
You block the gnoll's attack.
The orc knight hits you with a +0 halberd!!
* * * LOW HITPOINT WARNING * * *
Unknown command.
The orc knight completely misses you.
There is an open door here.
Unknown command.
You don't know any spells.
You close the door.
An orc knight opens the door.
You close the door.
An orc knight opens the door.
There are monsters nearby!
It was a potion of heal wounds.
You feel much better.
The orc knight hits you but does no damage.
The orc knight barely misses you.
You hit the orc knight.
Your tail-slap misses the orc knight.
The orc knight is lightly wounded.
The gnoll hits you from afar with a +3 halberd of draining!
* * * LOW HITPOINT WARNING * * *
You feel drained.
* * * LOW HITPOINT WARNING * * *
You block the orc knight's attack. The gnoll barely misses you.
You thump the orc knight! You tail-slap the orc knight.
The orc knight is moderately wounded.
The orc knight hits you with a +0 halberd!
You die...

##### ### ###
##)'g###)###)#
+##+##g###o##'##'##
#!.!.)## ##@....##
#.!.!.# #.....###
+!.⌠.!+ +..⌠..'.#
#.!.!.# #.....###
#!.!.!# #!....##
+##+##+# #+##+##'##
#g#.# ##)# ###
##### ### #'#
#)###.#.###)###.#


You could see an orc knight and a gnoll.

Vanquished Creatures
  Pikel (D:6)
  Maggie (D:7)
  A troll (D:6)
  Grinder (D:6)
  Menkaure (D:5)
  A water moccasin (D:5)
  An ice beast (D:5)
  2 sky beasts
  A necrophage (D:7)
  An ogre (D:5)
  4 phantoms
  A lemure (D:6)
  A bullfrog (D:6)
  A scorpion (D:4)
  4 killer bees (D:7)
  A centaur zombie (D:5)
  A bullfrog skeleton (D:5)
  A centaur skeleton (D:7)
  3 hounds
  A gnoll shaman (D:7)
  A jelly (D:5)
  4 iguanas
  A killer bee zombie (D:5)
  A hound skeleton (D:4)
  A howler monkey skeleton (D:6)
  6 adders
  12 gnolls
  A shadow imp (D:6)
  An ufetubus (D:6)
  An adder zombie (D:4)
  3 dart slugs
  15 orcs
  3 bats
  6 endoplasms
  4 giant cockroaches
  7 hobgoblins
  4 jackals (D:3)
  6 kobolds (D:1)
  7 quokkas
  7 ball pythons
  8 goblins
  2 rats
130 creatures vanquished.

Notes
Turn   | Place    | Note
-------+----------+-------------------------------------------
     0 | D:1      | vanderjaght the Draconian Berserker began the quest for the
                  | Orb.
     0 | D:1      | Reached XP level 1. HP: 19/19 MP: 1/1
   218 | D:1      | Found a faded altar of an unknown god.
   252 | D:1      | Reached XP level 2. HP: 26/26 MP: 2/2
   739 | D:1      | Reached XP level 3. HP: 19/33 MP: 3/3
  1323 | D:2      | Reached ** piety under Trog
  1791 | D:2      | Reached skill level 1 in Shields
  1791 | D:2      | Reached XP level 4. HP: 40/40 MP: 4/4
  2531 | D:3      | Identified the +7 mace of Indomitability {vorpal, rElec
                  | rPois rC-}
  2701 | D:3      | Found a snail-covered altar of Cheibriados.
  2961 | D:4      | Reached XP level 5. HP: 46/46 MP: 5/5
  3002 | D:4      | Found an opulent altar of Gozag.
  3106 | D:4      | Noticed a phantom
  3114 | D:4      | Killed a phantom
  3845 | D:4      | Reached skill level 1 in Maces & Flails
  3845 | D:4      | Reached XP level 6. HP: 52/52 MP: 6/6
  3860 | D:4      | Reached skill level 1 in Stealth
  3973 | D:4      | Reached skill level 2 in Maces & Flails
  4295 | D:5      | Entered Level 5 of the Dungeon
  4384 | D:5      | Noticed Menkaure
  4394 | D:5      | Killed Menkaure
  4395 | D:5      | Reached skill level 3 in Maces & Flails
  4395 | D:5      | Your scales start taking on a dull iron-grey colour.
  4395 | D:5      | Reached XP level 7. HP: 60/60 MP: 7/7
  4648 | D:5      | Reached *** piety under Trog
  4729 | D:5      | Reached skill level 5 in Fighting
  4729 | D:5      | Reached skill level 4 in Maces & Flails
  5095 | D:5      | Reached skill level 5 in Maces & Flails
  5095 | D:5      | Reached XP level 8. HP: 68/68 MP: 8/8
  5473 | D:6      | Noticed Pikel
  5507 | D:6      | Killed Pikel
  5508 | D:6      | Reached skill level 6 in Maces & Flails
  5508 | D:6      | Reached skill level 5 in Dodging
  5731 | D:6      | Noticed a troll
  5743 | D:6      | Killed a troll
  5744 | D:6      | Reached XP level 9. HP: 34/75 MP: 9/9
  5996 | D:6      | Noticed Grinder
  6010 | D:6      | Killed Grinder
  6011 | D:6      | Reached skill level 7 in Maces & Flails
  6086 | D:6      | Found a radiant altar of Vehumet.
  6482 | D:7      | Found a staircase to the Ecumenical Temple.
  6504 | Temple   | Entered the Ecumenical Temple
  6922 | D:7      | Noticed Maggie
  6946 | D:7      | Killed Maggie
  7163 | D:7      | Found a flagged portal.
  7178 | Bailey   | Entered a bailey
  7304 | Bailey   | Noticed an orc knight
  7323 | Bailey   | HP: 3/72 [orc knight (18)]
  7333 | Bailey   | Slain by an orc knight

Illustrated notes

Levels and vault maps discovered:
D:1:      ncdulo_wetmaze, layout_basic, chequers_ecumenical_altar_simple_redux
D:2:      layout_loops_cross
D:3:      layout_basic, mainiacjoe_overflow_24_doors
D:4:      minmay_octagon_keep, layout_loops_ring, lemuel_doored_altar
D:5:      layout_cave_pools, uniq_menkaure
D:6:      layout_loops_ring, nicolae_vehumet_altar_sigil, serial_glass,
          glass_columns_a, glass_columns_c, glass_columns_b, uniq_pikel,
          uniq_grinder
D:7:      layout_loops_cross, minmay_temple_entry_tees, enter_bailey_2,
          uniq_maggie
Temple:   eino_temple_scatter_basement
Bailey:   bailey_polearm_nasty_gnolls, bailey

Skill      XL: |  1  2  3  4  5  6  7  8  9 |
---------------+----------------------------+-----
Dodging        | 3 4 5 6 |  6.3
Shields        | 1 2 3 4 |  4.5
Axes           | 4 |  4.6
Fighting       | 4 5 6 |  6.6
Maces & Flails | 1 3 5 6 7 |  7.9
Stealth        | 1 2 3 |  3.5

Action                   |  1- 3 |  4- 6 |  7- 9 || total
-------------------------+-------+-------+-------++-------
Melee: Hand axe          |   114 |    33 |       ||   147
       Tailslap          |    12 |     9 |    11 ||    32
       Mace              |       |    83 |   179 ||   262
Invok: Berserk           |       |     2 |       ||     2
       Trog's Hand       |       |       |     2 ||     2
  Use: Potion            |       |       |     3 ||     3
 Stab: Sleeping          |       |       |     6 ||     6
Armor: Skin              |    53 |    35 |    63 ||   151
Dodge: Dodged            |    61 |    60 |   111 ||   232
Block: Kite shield       |    35 |    43 |    98 ||   176
